| TOP OF THE 1ST |
|
Arizona Diamondbacks batting - Pitching for Chicago Cubs : RHP Randy Budgell
|
|
Pitching: RHP Randy Budgell
|
|
|
Batting: LHB Roy Steigerwald
|
0-0: Ball 1-0: Foul Ball, location: 2F 1-1: DOUBLE (Line Drive, 8LXD, EV 109.4 MPH)
|
|
Batting: RHB David Price Jr.
|
0-0: Foul Ball, location: 2F 0-1: Ball 1-1: Called Strike 1-2: Ball 2-2: Strikes out looking
|
|
Batting: LHB Eric Klasek
|
0-0: Called Strike 0-1: Foul Ball, location: 2F 0-2: Ball 1-2: Strikes out swinging
|
|
Batting: SHB Alec Thorpe
|
0-0: Fly out, F8 (Flyball, 8RM, EV 89.4 MPH)
|
| Top of the 1st over - 0 runs, 1 hit, 0 errors, 1 left on base; Arizona 0 - Chicago 0 |
| BOTTOM OF THE 1ST |
|
Chicago Cubs batting - Pitching for Arizona Diamondbacks : RHP Marcus Wolfe
|
|
Pitching: RHP Marcus Wolfe
|
|
|
Batting: RHB Yasuhide Kasahara
|
0-0: Called Strike 0-1: Called Strike 0-2: TRIPLE (Line Drive, 9LD, EV 109.4 MPH)
|
|
Batting: LHB Kevin Norton
|
0-0: Ball 1-0: Ball 2-0: Swinging Strike 2-1: Called Strike 2-2: Strikes out swinging
|
|
Batting: RHB Efrain Vargas
|
0-0: Foul Ball, location: 2F 0-1: Ground out 6-3 (Groundball, 6, EV 100.0 MPH) Yasuhide Kasahara scores
|
|
Batting: RHB Kaeo Zirpoli
|
0-0: Fly out, F9 (Flyball, 89D, EV 101.9 MPH)
|
| Bottom of the 1st over - 1 run, 1 hit, 0 errors, 0 left on base; Arizona 0 - Chicago 1 |
| TOP OF THE 2ND |
|
Arizona Diamondbacks batting - Pitching for Chicago Cubs : RHP Randy Budgell
|
|
Batting: LHB Danny Dunham
|
0-0: Ball 1-0: Ball 2-0: Ball 3-0: Base on Balls
|
|
Batting: LHB Kyle Beaulieu
|
0-0: Foul Ball, location: 2F 0-1: Fielders Choice at 2nd, 3-6 (Groundball, 34S, EV 76.9 MPH)
|
|
Batting: SHB Troy McClure
|
0-0: Called Strike 0-1: Ball 1-1: Fielders Choice at 2nd, 4-6 (Groundball, 4M, EV 90.0 MPH)
|
|
Batting: RHB Billy Crookston
|
0-0: Ball 1-0: Called Strike 1-1: Fielders Choice at 2nd, 5-4 (Groundball, 5L, EV 84.4 MPH)
|
| Top of the 2nd over - 0 runs, 0 hits, 0 errors, 1 left on base; Arizona 0 - Chicago 1 |
| BOTTOM OF THE 2ND |
|
Chicago Cubs batting - Pitching for Arizona Diamondbacks : RHP Marcus Wolfe
|
|
Batting: RHB Josh Kalman
|
0-0: Foul Ball, location: 2F 0-1: Called Strike 0-2: Strikes out looking
|
|
Batting: RHB Elijah Campbell
|
0-0: Called Strike 0-1: Ball 1-1: SINGLE (Groundball, 34D, EV 95.6 MPH)
|
|
Batting: RHB Will Leslie
|
0-0: Called Strike 0-1: Ball 1-1: Foul Ball, location: 2F 1-2: Ground out 6-3 (Groundball, 6S, EV 69.4 MPH) Elijah Campbell to second
|
|
Batting: RHB Steve Bui
|
0-0: SINGLE (Groundball, 56D, EV 96.3 MPH) Elijah Campbell to third Runner from 3rd tries for Home, SAFE, throw by LF to home
|
|
Batting: SHB Art Kent
|
0-0: Fly out, F4 (Flyball, 34D, EV 94.4 MPH)
|
| Bottom of the 2nd over - 1 run, 2 hits, 0 errors, 1 left on base; Arizona 0 - Chicago 2 |
| TOP OF THE 3RD |
|
Arizona Diamondbacks batting - Pitching for Chicago Cubs : RHP Randy Budgell
|
|
Batting: RHB Mario Soto
|
0-0: Ball 1-0: Called Strike 1-1: Called Strike 1-2: Ground out 3-1 (Groundball, 34S, EV 81.9 MPH)
|
|
Batting: LHB Roy Steigerwald
|
0-0: Fly out, F8 (Flyball, 8LM, EV 88.8 MPH)
|
|
Batting: RHB David Price Jr.
|
0-0: Foul Ball, location: 2F 0-1: Swinging Strike 0-2: Ball 1-2: Ball 2-2: Strikes out swinging
|
| Top of the 3rd over - 0 runs, 0 hits, 0 errors, 0 left on base; Arizona 0 - Chicago 2 |
| BOTTOM OF THE 3RD |
|
Chicago Cubs batting - Pitching for Arizona Diamondbacks : RHP Marcus Wolfe
|
|
Batting: RHB Yasuhide Kasahara
|
0-0: Fly out, F5 (Flyball, 5D, EV 90.0 MPH)
|
|
Batting: LHB Kevin Norton
|
0-0: Ground out 5-3 (Groundball, 6, EV 101.3 MPH)
|
|
Batting: RHB Efrain Vargas
|
0-0: Called Strike 0-1: Ball 1-1: Ball 2-1: Called Strike 2-2: Strikes out swinging
|
| Bottom of the 3rd over - 0 runs, 0 hits, 0 errors, 0 left on base; Arizona 0 - Chicago 2 |
| TOP OF THE 4TH |
|
Arizona Diamondbacks batting - Pitching for Chicago Cubs : RHP Randy Budgell
|
|
Batting: LHB Eric Klasek
|
0-0: Foul Ball, location: 2F 0-1: Ground out 5-3 (Groundball, 56, EV 101.3 MPH)
|
|
Batting: SHB Alec Thorpe
|
0-0: Ball 1-0: Ball 2-0: Called Strike 2-1: Foul Ball, location: 2F 2-2: Strikes out swinging
|
|
Batting: LHB Danny Dunham
|
0-0: Foul Ball, location: 2F 0-1: Swinging Strike 0-2: Ball 1-2: Ball 2-2: Foul Ball, location: 2F 2-2: Foul Ball, location: 2F 2-2: Strikes out looking
|
| Top of the 4th over - 0 runs, 0 hits, 0 errors, 0 left on base; Arizona 0 - Chicago 2 |
| BOTTOM OF THE 4TH |
|
Chicago Cubs batting - Pitching for Arizona Diamondbacks : RHP Marcus Wolfe
|
|
Batting: RHB Kaeo Zirpoli
|
0-0: Ball 1-0: Foul Ball, location: 2F 1-1: Ground out 4-3 (Groundball, 34, EV 105.6 MPH)
|
|
Batting: RHB Josh Kalman
|
0-0: TRIPLE (Line Drive, 89XD, EV 107.5 MPH)
|
|
Batting: RHB Elijah Campbell
|
0-0: Swinging Strike 0-1: Ball 1-1: Ball 2-1: Foul Ball, location: 2F 2-2: Strikes out swinging
|
|
Batting: RHB Will Leslie
|
0-0: Called Strike 0-1: DOUBLE (Flyball, 8LXD, EV 114.4 MPH) Josh Kalman scores
|
|
Batting: RHB Steve Bui
|
0-0: Fly out, F9 (Line Drive, 9D, EV 86.9 MPH)
|
| Bottom of the 4th over - 1 run, 2 hits, 0 errors, 1 left on base; Arizona 0 - Chicago 3 |
| TOP OF THE 5TH |
|
Arizona Diamondbacks batting - Pitching for Chicago Cubs : RHP Randy Budgell
|
|
Batting: LHB Kyle Beaulieu
|
0-0: Ball 1-0: Foul Ball, location: 2F 1-1: Foul Ball, location: 2F 1-2: Foul Ball, location: 2F 1-2: DOUBLE (Flyball, 78D, EV 86.9 MPH)
|
|
Batting: SHB Troy McClure
|
0-0: TRIPLE (Flyball, 7LD, EV 95.6 MPH) Kyle Beaulieu scores
|
|
Batting: RHB Billy Crookston
|
0-0: Foul Ball, location: 2F 0-1: Foul Ball, location: 2F 0-2: Ball 1-2: Fly out, F8 (Flyball, 89D, EV 95.6 MPH) Runner from 3rd tags up, SCORES, throw by CF
|
|
Batting: RHB Mario Soto
|
0-0: Called Strike 0-1: Ball 1-1: Called Strike 1-2: Ground out 6-3 (Groundball, 6, EV 106.3 MPH)
|
|
Batting: LHB Roy Steigerwald
|
0-0: Ball 1-0: Ball 2-0: Called Strike 2-1: TRIPLE (Flyball, 78XD, EV 106.3 MPH)
|
|
Batting: RHB David Price Jr.
|
0-0: SINGLE (Groundball, 34D, EV 94.4 MPH) Roy Steigerwald scores
|
|
Batting: LHB Eric Klasek
|
0-0: Called Strike David Price Jr. steals 2nd base 0-1: Called Strike 0-2: Ball 1-2: Ball 2-2: Ground out 6-3 (Groundball, 6S, EV 64.4 MPH)
|
| Top of the 5th over - 3 runs, 4 hits, 0 errors, 1 left on base; Arizona 3 - Chicago 3 |
| BOTTOM OF THE 5TH |
|
Chicago Cubs batting - Pitching for Arizona Diamondbacks : RHP Marcus Wolfe
|
|
Batting: SHB Art Kent
|
0-0: Ball 1-0: Fly out, F7 (Line Drive, 7, EV 93.1 MPH)
|
|
Batting: RHB Yasuhide Kasahara
|
0-0: Called Strike 0-1: Ball 1-1: Called Strike 1-2: TRIPLE (Flyball, 9LD, EV 108.1 MPH)
|
|
Batting: LHB Kevin Norton
|
0-0: Ball 1-0: Foul Ball, location: 2F 1-1: Called Strike 1-2: Ball 2-2: Ball 3-2: Fly out, F9 (Flyball, 9, EV 90.0 MPH) Runner from 3rd tags up, SCORES, no throw by RF
|
|
Batting: RHB Efrain Vargas
|
0-0: Ground out 5-3 (Groundball, 56S, EV 82.5 MPH)
|
| Bottom of the 5th over - 1 run, 1 hit, 0 errors, 0 left on base; Arizona 3 - Chicago 4 |
| TOP OF THE 6TH |
|
Arizona Diamondbacks batting - Pitching for Chicago Cubs : RHP Randy Budgell
|
|
Batting: SHB Alec Thorpe
|
0-0: Called Strike 0-1: Ball 1-1: Ball 2-1: Foul Ball, location: 2F 2-2: Foul Ball, location: 2F 2-2: Ball 3-2: Fly out, F7 (Flyball, 78M, EV 91.3 MPH)
|
|
Batting: LHB Danny Dunham
|
0-0: Ball 1-0: Called Strike 1-1: Ground out U3 (Groundball, 3, EV 111.3 MPH)
|
|
Batting: LHB Kyle Beaulieu
|
0-0: Ball 1-0: Called Strike 1-1: Ground out 4-3 (Groundball, 34, EV 78.1 MPH)
|
| Top of the 6th over - 0 runs, 0 hits, 0 errors, 0 left on base; Arizona 3 - Chicago 4 |
| BOTTOM OF THE 6TH |
|
Chicago Cubs batting - Pitching for Arizona Diamondbacks : RHP Marcus Wolfe
|
|
Batting: RHB Kaeo Zirpoli
|
0-0: Swinging Strike 0-1: Ball 1-1: Ball 2-1: SINGLE (Line Drive, 89M, EV 111.3 MPH)
|
|
Batting: RHB Josh Kalman
|
0-0: Swinging Strike 0-1: Ball 1-1: Foul Ball, location: 2F 1-2: Foul Ball, location: 2F 1-2: Foul Ball, location: 2F 1-2: Ball 2-2: Strikes out swinging
|
|
Batting: RHB Elijah Campbell
|
0-0: SINGLE (Groundball, 34S, EV 71.3 MPH) (infield hit) Kaeo Zirpoli to second
|
|
Batting: RHB Will Leslie
|
0-0: Called Strike 0-1: Swinging Strike 0-2: Ball 1-2: Foul Ball, location: 2F 1-2: 3-RUN HOME RUN (Flyball, 7D, EV 96.3 MPH), Distance : 378 ft
|
|
Pitching: RHP André Gaillard
|
|
|
Batting: RHB Steve Bui
|
0-0: Foul Ball, location: 2F 0-1: Ball 1-1: Ball 2-1: Foul Ball, location: 2F 2-2: Foul Ball, location: 2F 2-2: Ball 3-2: SINGLE (Groundball, 6MD, EV 96.9 MPH)
|
|
Batting: SHB Art Kent
|
0-0: Called Strike 0-1: Ball 1-1: Foul Ball, location: 2F 1-2: Strikes out swinging
|
|
Batting: RHB Yasuhide Kasahara
|
0-0: Ball 1-0: Ground out 4-3 (Groundball, 34D, EV 85.0 MPH)
|
| Bottom of the 6th over - 3 runs, 4 hits, 0 errors, 1 left on base; Arizona 3 - Chicago 7 |
| TOP OF THE 7TH |
|
Arizona Diamondbacks batting - Pitching for Chicago Cubs : RHP Randy Budgell
|
|
Batting: SHB Troy McClure
|
0-0: Called Strike 0-1: Foul Ball, location: 2F 0-2: Strikes out looking
|
|
Batting: RHB Billy Crookston
|
0-0: Fly out, F3 (Popup, 3F, EV 57.5 MPH)
|
|
Batting: RHB Mario Soto
|
0-0: Called Strike 0-1: Ball 1-1: Foul Ball, location: 2F 1-2: SINGLE (Flyball, 6MD, EV 93.1 MPH)
|
|
Batting: LHB Roy Steigerwald
|
0-0: Called Strike 0-1: Ball 1-1: Ball 2-1: Ground out 4-3 (Groundball, 34, EV 101.9 MPH)
|
| Top of the 7th over - 0 runs, 1 hit, 0 errors, 1 left on base; Arizona 3 - Chicago 7 |
| BOTTOM OF THE 7TH |
|
Chicago Cubs batting - Pitching for Arizona Diamondbacks : RHP André Gaillard
|
|
Pitching: RHP Stanford Placard
|
|
|
Batting: LHB Kevin Norton
|
0-0: Foul Ball, location: 2F 0-1: Foul Ball, location: 2F 0-2: Ball 1-2: Strikes out looking
|
|
Batting: RHB Efrain Vargas
|
0-0: SINGLE (Groundball, 56D, EV 96.9 MPH)
|
|
Batting: RHB Kaeo Zirpoli
|
0-0: Called Strike 0-1: Foul Ball, location: 2F 0-2: Ball 1-2: Ball 2-2: Foul Ball, location: 2F 2-2: Ball 3-2: Fly out, F7 (Flyball, 7D, EV 101.3 MPH)
|
|
Batting: RHB Josh Kalman
|
0-0: Ball 1-0: Swinging Strike 1-1: Swinging Strike 1-2: Ball 2-2: Fly out, F7 (Flyball, 78S, EV 91.3 MPH)
|
| Bottom of the 7th over - 0 runs, 1 hit, 0 errors, 1 left on base; Arizona 3 - Chicago 7 |
| TOP OF THE 8TH |
|
Arizona Diamondbacks batting - Pitching for Chicago Cubs : RHP Randy Budgell
|
|
Pitching: RHP Eric Oakes
|
|
|
Batting: RHB David Price Jr.
|
0-0: SINGLE (Line Drive, 3D, EV 102.5 MPH)
|
|
Batting: LHB Eric Klasek
|
0-0: Called Strike 0-1: Ball 1-1: SINGLE (Groundball, 34D, EV 97.5 MPH) David Price Jr. to second Runner from 2nd tries for 3rd, SAFE, throw by RF made to third
|
|
Batting: SHB Alec Thorpe
|
0-0: Swinging Strike 0-1: Ball 1-1: Ball 2-1: Foul Ball, location: 2F 2-2: Ball 3-2: Foul Ball, location: 2F 3-2: Foul Ball, location: 2F 3-2: Fly out, F9 (Flyball, 9LD, EV 103.8 MPH) Runner from 3rd tags up, SCORES, no throw by RF
|
|
Batting: LHB Danny Dunham
|
0-0: Foul Ball, location: 2F 0-1: Ball 1-1: Ball 2-1: Called Strike 2-2: Ball 3-2: Fly out, F9 (Flyball, 9, EV 91.3 MPH)
|
|
Batting: LHB Kyle Beaulieu
|
0-0: Swinging Strike 0-1: Swinging Strike 0-2: Ball 1-2: Ground out 6-3 (Groundball, 6MS, EV 71.9 MPH)
|
| Top of the 8th over - 1 run, 2 hits, 0 errors, 1 left on base; Arizona 4 - Chicago 7 |
| BOTTOM OF THE 8TH |
|
Chicago Cubs batting - Pitching for Arizona Diamondbacks : RHP Stanford Placard
|
|
Pitching: RHP Willie Nieto
|
|
|
Batting: RHB Elijah Campbell
|
0-0: Called Strike 0-1: Swinging Strike 0-2: SINGLE (Groundball, 56D, EV 101.9 MPH)
|
|
Batting: RHB Will Leslie
|
0-0: Ball 1-0: Foul Ball, location: 2F 1-1: Called Strike 1-2: Ball 2-2: Foul Ball, location: 2F 2-2: Foul Ball, location: 2F 2-2: Ball 3-2: Grounds into double play, 5-4-3 (Groundball, 56, EV 100.0 MPH)
|
|
Batting: RHB Steve Bui
|
0-0: Ball 1-0: Foul Ball, location: 2F 1-1: Called Strike 1-2: Strikes out swinging
|
| Bottom of the 8th over - 0 runs, 1 hit, 0 errors, 0 left on base; Arizona 4 - Chicago 7 |
| TOP OF THE 9TH |
|
Arizona Diamondbacks batting - Pitching for Chicago Cubs : RHP Eric Oakes
|
|
Pitching: LHP George Poirier
|
|
|
Batting: SHB Troy McClure
|
0-0: Fly out, F7 (Flyball, 78D, EV 85.6 MPH)
|
|
Batting: RHB Billy Crookston
|
0-0: Called Strike 0-1: Ground out 5-3 (Groundball, 56S, EV 81.9 MPH)
|
|
Batting: RHB Mario Soto
|
0-0: Ball 1-0: SOLO HOME RUN (Flyball, 78XD, EV 108.1 MPH), Distance : 441 ft
|
|
Pitching: RHP Yeong-kil Suck
|
|
|
Batting: LHB Roy Steigerwald
|
0-0: Swinging Strike 0-1: Called Strike 0-2: Ball 1-2: SOLO HOME RUN (Flyball, 7LD, EV 103.1 MPH), Distance : 383 ft
|
|
Batting: RHB David Price Jr.
|
0-0: Ball 1-0: Swinging Strike 1-1: Called Strike 1-2: Foul Ball, location: 2F 1-2: Strikes out swinging
|
| Top of the 9th over - 2 runs, 2 hits, 0 errors, 0 left on base; Arizona 6 - Chicago 7 |
|